 Dungeon Crawl Stone Soup version 0.30-a0-465-g8901f6c8b5 (webtiles) character file.

Game seed: 7315516877755842246

8172 greenreed the Basher (level 11, 0/87 HPs)
             Began as a Formicid Fighter on Dec 17, 2022.
             Was a Priest of Makhleb.
             Slain by a vampire mosquito (9 damage)
             ... on level 10 of the Dungeon.
             The game lasted 00:20:11 (8869 turns).

greenreed the Basher (Formicid Fighter)             Turns: 8869, Time: 00:20:12

Health: 0/87       AC: 11    Str: 33    XL:     11   Next: 50%
Magic:  16/16      EV: 11    Int:  8    God:    Makhleb [***...]
Gold:   1109       SH:  5    Dex: 11    Spells: 10/10 levels left

rFire   + . .      SeeInvis +    q - +10 mace of True Grit {vorpal, rPois rN+ Dex+2 SInv}
rCold   . . .      Faith    .    c - +0 buckler
rNeg    + . .      Spirit   .    b - +0 scale mail
rPois   +          Reflect  .    (helmet unavailable)
rElec   .          Harm     .    (no cloak)
rCorr   .          Rampage  .    u - +0 pair of gloves
Will    +....                    H - +1 pair of boots of Devotion {Str+8 Dex-4}
Stlth   +.........               (no amulet)
HPRegen 0.34/turn                E - ring of protection from fire
MPRegen 0.15/turn                (no ring)

@: no status effects
A: permanent stasis, dig shafts and tunnels, antennae 3, four strong arms
a: Dig, Shaft Self, Renounce Religion, Minor Destruction, Lesser Servant of
Makhleb


You were on level 10 of the Dungeon.
You worshipped Makhleb.
Makhleb was most pleased with you.
You visited 2 branches of the dungeon, and saw 11 of its levels.
You also visited: Bailey.

You collected 1109 gold pieces.

Inventory:

Hand Weapons
 a - a +0 flail
 q - the +10 mace of True Grit (weapon) {vorpal, rPois rN+ Dex+2 SInv}
   (You found it on level 3 of the Dungeon)

   It inflicts extra damage upon your enemies.
   Dex:       It affects your dexterity (+2).
   rPois:     It protects you from poison.
   rN:        It protects you from negative energy.
   SInv:      It lets you see invisible.
Missiles
 d - 28 poisoned darts
 h - 6 atropa-tipped darts
 v - 2 throwing nets
 M - a curare-tipped dart
Armour
 b - a +0 scale mail (worn)
 c - a +0 buckler (worn)
 u - a +0 pair of gloves (worn)
 H - the +1 pair of boots of Devotion (worn) {Str+8 Dex-4}
   (You acquired it in a bailey)

   Str:       It affects your strength (+8).
   Dex:       It affects your dexterity (-4).
Jewellery
 p - a ring of wizardry
 E - a ring of protection from fire (left hand)
Wands
 n - a wand of quicksilver (12)
 s - a wand of paralysis (21)
 z - a wand of digging (5)
 D - a wand of polymorph (12)
 F - a wand of flame (8)
 L - a wand of iceblast (6)
Scrolls
 i - 2 scrolls of magic mapping {unknown}
 t - 3 scrolls of fear
 w - a scroll of immolation
 x - a scroll of enchant weapon
 y - a scroll of enchant armour {unknown}
 B - 2 scrolls of vulnerability {unknown}
 I - a scroll of brand weapon {unknown}
 J - 2 scrolls of fog {unknown}
Potions
 e - 4 potions of cancellation
 f - 2 potions of heal wounds
 g - 3 potions of mutation
 k - a potion of lignification
 l - a potion of brilliance
 m - 5 potions of curing
 o - a potion of attraction
 r - a potion of flight {unknown}
 A - a potion of might
 C - a potion of haste {unknown}
 G - a potion of experience {unknown}
 K - 3 potions of ambrosia {unknown}
 N - a potion of degeneration {unknown}
Miscellaneous
 j - a phantom mirror


   Skills:
 * Level 8.9 Fighting
 * Level 11.6 Maces & Flails
 + Level 7.4 Armour
 + Level 3.2 Dodging
 + Level 2.9 Stealth
 + Level 6.4 Shields
 * Level 7.0 Invocations
 + Level 0.1 Evocations


You had 10 spell levels left.
You didn't know any spells.
Your spell library contained the following spells:

 Spells                   Type           Power      Damage    Failure   Level
 Apportation              Tloc           0%         N/A       67%         1
 Necrotise                Necr           0%         1d4       67%         1
 Summon Small Mammal      Summ           0%         N/A       67%         1
 Momentum Strike          Conj/Tloc      0%         3d8       80%         2
 Portal Projectile        Hex/Tloc       0%         N/A       95%         3
 Stone Arrow              Conj/Erth      0%         3d7       95%         3
 Tukima's Dance           Hex            0%         N/A       95%         3
 Animate Armour           Summ/Erth      0%         N/A       100%        4
 Blade Hands              Tmut           0%         N/A       100%        5
 Iron Shot                Conj/Erth      0%         9d1       100%        6
 Lehudib's Crystal Spear  Conj/Erth      0%         10d2      100%        8


Dungeon Overview and Level Annotations

Branches:
Dungeon (10/15)            Temple (1/1) D:5            Lair (0/5) D:9
 Bailey (visited)
    Orc: D:9-12

Altars:
Ashenzari
Cheibriados
Dithmenos
Elyvilon
Fedhas
Gozag
Hepliaklqana
Kikubaaqudgha
Makhleb
Nemelex Xobeh
Okawaru
Qazlal
Ru
Sif Muna
Trog
Uskayaw
Vehumet
Wu Jian
Xom
Yredelemnul
Zin
The Shining One

Shops:
D:5 (


Innate Abilities, Weirdness & Mutations

You cannot be hasted, slowed, berserked, paralysed or teleported.
You can dig through walls and to a lower floor.
You have a pair of large antennae on your head. (SInv)
Your four strong arms can wield two-handed weapons with a shield.


Message History

The vampire mosquito attacks as you move away!
The vampire mosquito bites you but does no damage.
The vampire mosquito closely misses you.
The vampire mosquito attacks as you move away!
The vampire mosquito barely misses you. x2
Found a scroll of identify.
The centaur seems less drained.
The vampire mosquito barely misses you.
The vampire mosquito attacks as you move away!
The vampire mosquito closely misses you.
A vampire mosquito comes into view.
The vampire mosquito buzzes angrily.
You hear an angry buzzing noise.
The centaur shoots an arrow.
The arrow hits you.
The vampire mosquito bites you but does no damage.
The vampire mosquito closely misses you.
A vampire mosquito comes into view.
The vampire mosquito buzzes angrily.
The vampire mosquito bites you but does no damage.
The vampire mosquito bites you!
The vampire mosquito draws strength from your injuries!
The vampire mosquito attacks as you move away!
The vampire mosquito barely misses you.
You block the vampire mosquito's attack.
The vampire mosquito barely misses you. The vampire mosquito bites you.
The vampire mosquito attacks as you move away!
You block the vampire mosquito's attack.
The vampire mosquito attacks as you move away!
The vampire mosquito bites you. The vampire mosquito barely misses you.
The vampire mosquito misses you. The vampire mosquito bites you!
* * * LOW HITPOINT WARNING * * *
The vampire mosquito draws strength from your injuries!
A demon appears!
You block the vampire mosquito's attack.
The vampire mosquito bites you.
* * * LOW HITPOINT WARNING * * *
The vampire mosquito bites you but does no damage.
The vampire mosquito bites you.
* * * LOW HITPOINT WARNING * * *
The vampire mosquito draws strength from your injuries!
The vampire mosquito bites you!
You die...

.... #..................#
....###....#...........##
...........#c.....##....#
...........{.....####.### .......
........c.##...........##
.................###.............
.......<......4cO####......#.#...
...............yyy###........#...
.............#?y@............#...
...........###...................
.#.....#.#.# #...........#.#.....
........##.###...........#.#).###
............##......#.........#
.#.................###....##.##
#.........##>.....#...#.....##
##...#............##...#####..#
#).####.#..........<..........#


You could see a two-headed ogre, 4 vampire mosquitoes, 2 centaurs and a friendly
orange demon (summoned).

Vanquished Creatures
  An orc warlord (Bailey)
  Pikel (D:5)
  A cyclops (D:9)
  An unseen horror (D:10)
  2 komodo dragons (D:9)
  Prince Ribbit (D:6)
  Sigmund (D:5)
  A wyvern (D:9)
  3 steam dragons
  Edmund (D:6)
  2 water moccasins
  A sky beast (D:7)
  8 orc warriors
  An ice beast (D:6)
  5 black bears
  2 ogres
  2 centaurs
  3 phantoms
  A lemure (D:5)
  3 kobold brigands
  2 bullfrogs
  4 necrophages
  3 scorpions
  4 wights (D:9)
  3 killer bees
  6 howler monkeys
  4 hounds
  3 jellies
  5 orc priests
  A gnoll bouda (D:9)
  Crazy Yiuf (D:3)
  12 orc wizards
  Terence (D:3)
  16 gnolls
  An adder (D:4)
  A shadow imp (D:7)
  An ufetubus (D:5)
  A worm (D:4)
  5 dart slugs
  33 orcs
  6 ball pythons
  6 endoplasms
  2 giant cockroaches
  10 goblins
  6 hobgoblins
  4 jackals
  3 quokkas
  A frilled lizard (D:1)
  30 kobolds
  2 rats (D:1)
218 creatures vanquished.

Vanquished Creatures (others)
  Psyche (D:10)
  An orc (D:9)
  3 plants (D:9)
5 creatures vanquished.

Grand Total: 223 creatures vanquished

Notes
Turn   | Place    | Note
-------+----------+-------------------------------------------
     0 | D:1      | greenreed the Formicid Fighter began the quest for the Orb.
     0 | D:1      | Reached XP level 1. HP: 18/18 MP: 1/1
   188 | D:1      | Reached XP level 2. HP: 24/24 MP: 2/2
  1012 | D:2      | Reached XP level 3. HP: 30/30 MP: 3/3
  1325 | D:3      | Reached XP level 4. HP: 22/37 MP: 4/4
  1337 | D:3      | Reached skill level 3 in Maces & Flails
  1488 | D:3      | Noticed Terence
  1505 | D:3      | Killed Terence
  1506 | D:3      | Reached XP level 5. HP: 24/42 MP: 5/5
  1553 | D:3      | Noticed a black bear
  1610 | D:3      | Killed a black bear
  1611 | D:3      | Reached XP level 6. HP: 18/48 MP: 6/6
  1862 | D:3      | Identified the +10 mace of True Grit {vorpal, rPois rN+
                  | Dex+2 SInv}
  2041 | D:3      | Found a runed translucent door.
  2042 | D:3      | Noticed Crazy Yiuf
  2155 | D:3      | Killed Crazy Yiuf
  2501 | D:4      | Noticed an ogre
  2507 | D:4      | Killed an ogre
  2508 | D:4      | Reached skill level 4 in Maces & Flails
  2517 | D:4      | Reached skill level 5 in Armour
  2654 | D:4      | Reached XP level 7. HP: 55/55 MP: 7/7
  2664 | D:4      | Reached skill level 1 in Dodging
  2664 | D:4      | Reached skill level 1 in Stealth
  2676 | D:4      | Reached skill level 5 in Maces & Flails
  2850 | D:4      | Reached skill level 5 in Fighting
  2989 | D:4      | Reached XP level 8. HP: 60/62 MP: 8/8
  3202 | D:5      | Entered Level 5 of the Dungeon
  3202 | D:5      | Noticed Sigmund
  3211 | D:5      | Killed Sigmund
  3212 | D:5      | Reached skill level 6 in Maces & Flails
  3212 | D:5      | Reached skill level 5 in Shields
  3327 | D:5      | Reached skill level 7 in Maces & Flails
  3362 | D:5      | Reached XP level 9. HP: 55/69 MP: 9/9
  3420 | D:5      | Found Dalo's Weapon Shoppe.
  3741 | D:5      | Noticed Pikel
  3751 | D:5      | Killed Pikel
  3752 | D:5      | Reached skill level 8 in Maces & Flails
  3801 | D:5      | Found a staircase to the Ecumenical Temple.
  3810 | Temple   | Entered the Ecumenical Temple
  3817 | Temple   | Became a worshipper of Makhleb the Destroyer
  3952 | D:5      | Reached skill level 9 in Maces & Flails
  4560 | D:6      | Noticed Prince Ribbit
  4573 | D:6      | Killed Prince Ribbit
  4574 | D:6      | Reached skill level 1 in Invocations
  4764 | D:6      | Reached XP level 10. HP: 67/79 MP: 11/11
  4900 | D:6      | Reached * piety under Makhleb
  5325 | D:6      | Noticed Edmund
  5338 | D:6      | Killed Edmund
  5461 | D:7      | Reached skill level 10 in Maces & Flails
  6154 | D:7      | Found a shimmering altar of Xom.
  6154 | D:7      | Found a shimmering blue altar of Sif Muna.
  6162 | D:7      | Found a basalt altar of Yredelemnul.
  6164 | D:7      | Found a hide-covered altar of Uskayaw.
  6166 | D:7      | Found an opulent altar of Gozag.
  6241 | D:8      | Found a flagged portal.
  6277 | Bailey   | Entered a bailey
  6282 | Bailey   | Noticed an orc warlord
  6323 | Bailey   | Reached ** piety under Makhleb
  6624 | Bailey   | Found a runed translucent gate.
  6624 | Bailey   | Found a runed translucent gate.
  6624 | Bailey   | Found a runed translucent gate.
  6713 | Bailey   | Killed an orc warlord
  6733 | Bailey   | Got Arro's Verses on Striking
  6748 | Bailey   | Acquired the +1 pair of boots of Devotion {Str+8 Dex-4}
  6755 | Bailey   | Acquired 546 gold pieces
  6906 | D:8      | Reached skill level 11 in Maces & Flails
  7587 | D:9      | Reached XP level 11. HP: 83/87 MP: 13/13
  7719 | D:9      | Reached *** piety under Makhleb
  7826 | D:9      | Reached skill level 5 in Invocations
  7928 | D:9      | Noticed a cyclops
  7955 | D:9      | Killed a cyclops
  8175 | D:9      | Found a broken altar of Ashenzari.
  8187 | D:9      | Found a shadowy altar of Dithmenos.
  8250 | D:9      | Found a staircase to the Lair.
  8585 | D:10     | Entered Level 10 of the Dungeon
  8697 | D:10     | Identified the +2 rapier of the Wraith {protect, Contam
                  | rN+++ Str+2 SInv}
  8817 | D:10     | Noticed Psyche
  8820 | D:10     | Noticed a two-headed ogre
  8835 | D:10     | Killed Psyche
  8844 | D:10     | Noticed a two-headed ogre
  8869 | D:10     | Slain by a vampire mosquito

Illustrated notes

Levels and vault maps discovered:
D:1:      evilmike_arrival_rings, layout_loops_ring
D:2:      layout_basic
D:3:      layout_basic, uniq_terence, uniq_crazy_yiuf_cottage
D:4:      layout_loops_cross, st_stairs_14, minmay_bent
D:5:      layout_loops_corners, minmay_temple_entry_purple_smoke, serial_shops,
          nicolae_square_shop, uniq_sigmund, uniq_pikel
D:6:      layout_loops_ring, uniq_prince_ribbit1, uniq_edmund
D:7:      layout_loops_ring, chequers_temple_overflow_minitemple
D:8:      layout_basic, enter_bailey_3
D:9:      layout_loops_ring, mainiacjoe_overflow_chevrons,
          nicolae_overflow_crystal_walls, david_lair_shrubbed
D:10:     layout_cave_pools, chequers_hall_statues_y, uniq_psyche
Temple:   nicolae_temple_no_exploring_needed

Skill      XL: |  1  2  3  4  5  6  7  8  9 10 11 |
---------------+----------------------------------+-----
Fighting       | 4 5 7 8 |  8.9
Maces & Flails | 3 4 5 7 9 11 | 11.6
Armour         | 4 5 6 7 |  7.4
Dodging        | 1 2 3 |  3.2
Stealth        | 1 2 |  2.9
Shields        | 5 6 |  6.4
Invocations    | 1 3 7 |  7.0
Evocations     | |  0.1

Action                   |  1- 3 |  4- 6 |  7- 9 | 10-12 || total
-------------------------+-------+-------+-------+-------++-------
Melee: Flail             |    56 |    34 |       |       ||    90
       Mace              |       |    20 |   152 |   253 ||   425
Invok: Minor Destruction |       |       |       |    63 ||    63
       Lesser Servant of |       |       |       |     1 ||     1
Evoke: Wand              |       |       |       |     1 ||     1
  Use: Potion            |       |     1 |       |     1 ||     2
       Scroll            |       |       |       |    13 ||    13
 Stab: Paralysed         |       |       |       |     5 ||     5
Armor: Scale mail        |    26 |    27 |    58 |   101 ||   212
Dodge: Dodged            |    16 |    32 |    70 |   110 ||   228
Block: Buckler           |    11 |    21 |    41 |    57 ||   130

Table legend: (Time is in decaauts)
 A = Elapsed time spent in this place.
 B = Non-inter-level travel time spent in this place.
 C = Inter-level travel time spent in this place.
 D = Time resting spent in this place.
 E = Time spent auto-exploring this place.
 F = Levels seen in this place.
 G = Mean time per level.
                   A        B        C        D        E       F      G
               +--------+--------+--------+--------+--------+-----+--------+
         Total |   8892 |   8514 |    378 |    236 |   6745 |  12 |  741.0 |
       Dungeon |   8286 |   7920 |    366 |     66 |   6635 |  10 |  828.6 |
        Temple |     14 |      2 |     12 |      0 |      0 |   1 |   14.0 |
        Bailey |    591 |    591 |      0 |    170 |    110 |   1 |  591.0 |
               +--------+--------+--------+--------+--------+-----+--------+

Top non-repeatable levels by time:
     D:3: 1322 daAuts
     D:5: 1163 daAuts
     D:9: 1104 daAuts
     D:6: 1077 daAuts
     D:1: 820 daAuts
     D:7: 767 daAuts
     D:8: 727 daAuts
     D:4: 722 daAuts
  Bailey: 591 daAuts
     D:2: 373 daAuts
    D:10: 205 daAuts
  Temple: 14 daAuts
